 Dungeon Crawl Stone Soup version 0.31.0-32-g396128a36d (webtiles) character file.

Game seed: 17443168865345449899

2738 Peloso the Carver (level 9, -8/81 HPs)
             Began as a Minotaur Fighter on Mar 15, 2024.
             Mangled by a hornet (11 damage)
             ... on level 8 of the Dungeon.
             The game lasted 00:15:05 (5535 turns).

Peloso the Carver (Minotaur Fighter)                Turns: 5535, Time: 00:15:06

Health: -8/81      AC: 19    Str: 21    XL:     9   Next: 40%
Magic:  8/8        EV:  7    Int:  5    God:
Gold:   426        SH:  5    Dex: 14    Spells: 8/8 levels left

rFire   . . .        a - +1 long sword
rCold   . . .        d - +0 buckler
rNeg    . . .        B - +1 plate armour
rPois   .            (helmet restricted)
rElec   .            (no cloak)
rCorr   .            (no gloves)
SInv    .            (no boots)
Will    .....        h - amulet of regeneration Stlth
                     u - +4 ring of protection
HPRegen 1.13/turn    (no ring)
MPRegen 0.11/turn

%: no passive effects
@: lethally poisoned (-8 -> -9), slowed, very slow
A: horns 2, retaliatory headbutt
a: no special abilities


You were on level 8 of the Dungeon.
You visited 2 branches of the dungeon, and saw 9 of its levels.
You also visited: Sewer.

You collected 426 gold pieces.

Inventory:

Hand Weapons
 a - a +1 long sword (weapon)
 b - a +0 dagger of flaming
 c - a +3 falchion of holy wrath
Armour
 d - a +0 buckler (worn)
 y - a +0 chain mail
 B - a +1 plate armour (worn)
Jewellery
 f - an amulet of faith
 h - an amulet of regeneration (around neck)
 q - an amulet of reflection
 u - a +4 ring of protection (left hand)
 w - a ring of positive energy
 x - a ring of positive energy
 H - a +6 ring of strength
Wands
 n - a wand of acid (16)
 C - a wand of mindburst (5)
Scrolls
 g - 2 scrolls of revelation
 i - 3 scrolls of teleportation
 j - a scroll of enchant armour
 m - 2 scrolls of blinking
 o - a scroll of poison
 p - 2 scrolls of summoning
 s - a scroll of enchant weapon
 v - a scroll of brand weapon
 E - 4 scrolls of identify
 J - a scroll of noise {unknown}
 K - a scroll of amnesia {unknown}
Potions
 e - a potion of haste {unknown}
 k - 2 potions of curing
 l - a potion of might
 r - a potion of brilliance
 t - 3 potions of heal wounds
 z - a potion of cancellation
 A - a potion of berserk rage
 D - 2 potions of mutation
 F - 2 potions of invisibility {unknown}
 G - a potion of resistance {unknown}
 I - a potion of degeneration {unknown}


   Skills:
 + Level 7.8 Fighting
 + Level 9.9 Long Blades
 + Level 8.9 Armour
 + Level 2.6 Dodging
 + Level 0.7 Stealth
 + Level 5.8 Shields
 + Level 0.5 Evocations


You had 8 spell levels left.
You didn't know any spells.
Your spell library contained the following spells:

 Spells                   Type           Power      Damage    Failure   Level
 Shock                    Conj/Air       0%         1d3       100%        1
 Ensorcelled Hibernation  Hex/Ice        0%         N/A       100%        2
 Sublimation of Blood     Necr           0%         N/A       100%        2
 Fugue of the Fallen      Necr           0%         N/A       100%        3
 Swiftness                Air            0%         N/A       100%        3
 Tukima's Dance           Hex            0%         N/A       100%        3
 Airstrike                Air            0%         2d(0-16)  100%        4
 Anguish                  Hex/Necr       0%         N/A       100%        4
 Animate Dead             Necr           0%         N/A       100%        4
 Dimensional Bullseye     Hex/Tloc       0%         N/A       100%        4
 Iskenderun's Mystic Bla  Conj/Tloc      0%         2d3       100%        4
 Petrify                  Alch/Erth      0%         N/A       100%        4
 Borgnjor's Vile Clutch   Necr/Erth      0%         N/A       100%        5
 Irradiate                Conj/Alch      0%         3d11      100%        5
 Death Channel            Necr           0%         N/A       100%        6


Dungeon Overview and Level Annotations

Branches:
Dungeon (8/15)             Temple (1/1) D:5           Sewer (visited)
   Lair: D:8-11

Altars:
Ashenzari
Dithmenos
Elyvilon
Fedhas
Gozag
Hepliaklqana
Kikubaaqudgha
Nemelex Xobeh
Qazlal
Sif Muna
Trog
Uskayaw
Vehumet
Wu Jian
Xom
Yredelemnul
Zin
The Shining One

Shops:
D:3 (   D:5 [

Annotations:
D:5 Gold Dragon - 2 runed translucent doors, riffraff's ghost, novice HOFi


Innate Abilities, Weirdness & Mutations

You have a pair of horns on your head.
You reflexively headbutt those who attack you in melee.


Message History

You feel very sick. The hornet stings you!
You are more poisoned.
You feel as though you will be slow longer.
You block the hornet's attack.
You closely miss the hornet.
The hornet is severely wounded.
You feel very sick.
The hornet stings you but does no damage.
The hornet stings you.
You feel as though you will be slow longer.
You closely miss the hornet. You headbutt the hornet.
The hornet is almost dead.
You feel very sick.
The hornet stings you but does no damage.
The hornet stings you!
You are more poisoned.
You feel as though you will be slow longer.
You closely miss the hornet.
The hornet is severely wounded.
You feel extremely sick. The hornet stings you.
* * * LOW HITPOINT WARNING * * *
You feel as though you will be slow longer.
You block the hornet's attack. The hornet stings you!
* * * LOW HITPOINT WARNING * * *
You feel as though you will be slow longer.
You hit the hornet.
The hornet is almost dead.
* * * LOW HITPOINT WARNING * * *
You feel very sick. The hornet barely misses you. You furiously retaliate!
You headbutt the hornet.
The hornet stings you but does no damage.
Unknown command.
You hit the hornet.
The hornet is almost dead.
* * * LOW HITPOINT WARNING * * *
You feel very sick. The hornet stings you!
You die...

.# #####(##
#....>. #.....#
#.....#
#.....##...
#####..........
......#<###
#..@..# #..y###
.......
#.##..... ..
#..#### . ###


You could see a hornet.

Vanquished Creatures
  Prince Ribbit (D:5)
  A wyvern (D:7)
  Eustachio (D:4)
  A steam dragon (D:7)
  An acid dragon (D:5)
  2 sky beasts (D:7)
  3 black bears
  3 ogres
  A centaur (D:7)
  3 phantoms (D:4)
  2 bullfrogs
  A kobold brigand (D:6)
  A gnoll sergeant (D:7)
  A scorpion (D:6)
  A bombardier beetle (D:4)
  An orc priest (D:5)
  3 hounds
  A jelly (D:7)
  3 iguanas
  2 sleepcaps
  2 orc wizards
  8 gnolls
  8 adders
  A shadow imp (D:6)
  2 white imps
  2 ufetubi (D:6)
  5 dart slugs
  4 ribbon worms
  20 orcs
  6 endoplasms
  5 giant cockroaches
  9 goblins
  8 hobgoblins
  4 jackals (D:1)
  15 kobolds
  2 quokkas
  11 ball pythons
  3 bats
  3 frilled lizards
  14 rats
165 creatures vanquished.

Notes
Turn   | Place    | Note
-------+----------+-------------------------------------------
     0 | D:1      | Peloso the Minotaur Fighter began the quest for the Orb.
     0 | D:1      | Reached XP level 1. HP: 19/19 MP: 0/0
   159 | D:1      | Reached XP level 2. HP: 27/27 MP: 1/1
   633 | D:1      | Reached XP level 3. HP: 33/33 MP: 2/2
  1048 | D:2      | Reached skill level 3 in Long Blades
  1517 | D:3      | Reached XP level 4. HP: 41/41 MP: 3/3
  1529 | D:3      | Noticed an ogre
  1548 | D:3      | Killed an ogre
  1549 | D:3      | Reached XP level 5. HP: 47/47 MP: 4/4
  1580 | D:3      | Found Ocsuikh's Antique Weapon Shoppe.
  1812 | D:3      | Reached skill level 5 in Armour
  1814 | D:3      | Reached skill level 1 in Dodging
  1944 | D:3      | Found a sparkling altar of Nemelex Xobeh.
  1959 | D:3      | Found an ornate altar of the Wu Jian Council.
  2041 | D:3      | Reached skill level 4 in Long Blades
  2097 | D:4      | Noticed Eustachio
  2118 | D:4      | Killed Eustachio
  2119 | D:4      | Reached skill level 5 in Fighting
  2119 | D:4      | Reached XP level 6. HP: 44/56 MP: 5/5
  2124 | D:4      | Found an ancient bone altar of Kikubaaqudgha.
  2170 | D:4      | Reached skill level 5 in Long Blades
  2210 | D:4      | Reached XP level 7. HP: 41/61 MP: 6/6
  2412 | D:4      | Reached skill level 6 in Long Blades
  2716 | D:5      | Entered Level 5 of the Dungeon
  2745 | D:5      | Noticed Prince Ribbit
  2787 | D:5      | Killed Prince Ribbit
  2788 | D:5      | Reached skill level 5 in Shields
  2870 | D:5      | Noticed an animated gold dragon scales
  2871 | D:5      | Found Ahuas's Armour Boutique.
  2871 | D:5      | Noticed an animated plate armour
  2893 | D:5      | Reached skill level 7 in Long Blades
  2893 | D:5      | Reached XP level 8. HP: 62/70 MP: 7/7
  2896 | D:5      | Found a staircase to the Ecumenical Temple.
  2957 | D:5      | Found a glowing drain.
  2960 | Sewer    | Entered a sewer
  3736 | D:5      | Found a large runed translucent door.
  3737 | D:5      | Found a large runed translucent door.
  3740 | D:5      | Noticed riffraff's ghost (novice HOFi)
  4179 | Temple   | Entered the Ecumenical Temple
  4379 | D:6      | Found a shimmering altar of Xom.
  4393 | D:6      | Reached skill level 8 in Long Blades
  4886 | D:7      | Reached XP level 9. HP: 72/79 MP: 8/8
  4924 | D:7      | Reached skill level 9 in Long Blades
  5166 | D:7      | Found a hazy altar of Hepliaklqana.
  5427 | D:7      | Noticed a red ugly thing
  5535 | D:8      | HP: 3/81 [poisoned by a hornet]
  5535 | D:8      | Mangled by a hornet

Illustrated notes

Levels and vault maps discovered:
D:1:      sevenhm_arrival_forest_fort_small_5, layout_loops_ring
D:2:      layout_loops_ring
D:3:      layout_basic, mainiacjoe_overflow_big_doors, serial_shops, shop,
          guppyfry_early_orc_mine
D:4:      layout_cave_pools, mainiacjoe_overflow_boulevard, uniq_eustachio
D:5:      layout_loops_ring, temple_green, serial_shops,
          nicolae_shop_mannequins, mainiacjoe_sewer_entry_somewhere_in_here_1,
          ebering_ghost_disaster_area, serial_library_hellmonk_small_corner,
          kennysheep_doodads, corexii_leaking_fountain, minmay_misc_feat_cross,
          uniq_prince_ribbit1
D:6:      layout_gridville, xom_teletrap_fun
D:7:      minmay_the_grid_octo_tiled_squarecenter
          [minmay_the_grid_octo_fat_diamond, minmay_the_grid_octo_pinwheel,
          minmay_the_grid_octo_chip, minmay_the_grid_octo_odd_swirl,
          minmay_the_grid_square_5x5_megaprize_hollow,
          minmay_the_grid_square_5x5_inverted_slash,
          minmay_the_grid_square_5x5_fat_x, minmay_the_grid_square_5x5_one_wall,
          minmay_the_grid_square_5x5_broken_cross], layout_loops_corners,
          nicolae_hepliaklqana_hippocampus, kennysheep_diamond
D:8:      nzn_winding_woodlands_cross [nzn_winding_woodlands_5x15_longhouse,
          nzn_winding_woodlands_5x15_garden, nzn_winding_woodlands_5x15_crooked,
          nzn_winding_woodlands_5x15_cabin,
          nzn_winding_woodlands_15x15_boxy_spiral], layout_loops_cross,
          okawaru_altar_gauntlet_db, mainiacjoe_overflow_six_doors_small,
          chequers_serial_rivers_small_a, uniq_gastronok, uniq_maurice,
          uniq_maggie
Temple:   nicolae_temple_god_jail

Skill      XL: |  1  2  3  4  5  6  7  8  9 |
---------------+----------------------------+-----
Fighting       | 4 5 7 |  7.8
Shields        | 4 5 |  5.8
Armour         | 4 5 6 7 8 |  8.9
Long Blades    | 3 4 5 7 8 9 |  9.9
Dodging        | 1 2 |  2.6
Stealth        | |  0.7
Evocations     | |  0.5

Action                     |  1- 3 |  4- 6 |  7- 9 || total
---------------------------+-------+-------+-------++-------
  Melee: Long sword        |   104 |    97 |   339 ||   540
         Headbutt          |    14 |    11 |    66 ||    91
  Evoke: Wand              |       |     3 |     2 ||     5
    Use: Scroll            |       |       |    16 ||    16
         Potion            |       |       |     1 ||     1
 Armour: Scale mail        |    55 |       |       ||    55
         Chain mail        |    40 |   102 |   109 ||   251
         Plate armour      |       |       |   223 ||   223
  Dodge: Dodged            |    52 |    60 |   139 ||   251
  Block: Buckler           |    40 |    25 |    72 ||   137
